 Dungeon Crawl Stone Soup version 0.30-a0-1163-gf69bf04e7a (webtiles) character file.

Game seed: 5261420086389325583

7 Morbidden the Slasher (level 2, 20/20 HPs)
             Began as a Formicid Wanderer on Apr 28, 2023.
             Quit the game on level 1 of the Dungeon.
             The game lasted 00:00:34 (156 turns).

Morbidden the Slasher (Formicid Wanderer)            Turns: 156, Time: 00:00:35

Health: 20/20      AC:  3    Str: 14    XL:     2   Next: 10%
Magic:  3/3        EV: 11    Int: 10    God:
Gold:   0          SH:  0    Dex: 16    Spells: 3/3 levels left

rFire   . . .        a - +2 falchion
rCold   . . .        (no shield)
rNeg    . . .        e - +0 leather armour
rPois   .            (helmet unavailable)
rElec   .            (no cloak)
rCorr   .            (no gloves)
SInv    +            (no boots)
Will    .....        (no amulet)
Stlth   ++           (no ring)
HPRegen 0.23/turn    (no ring)
MPRegen 0.08/turn

%: no passive effects
@: no status effects
A: permanent stasis, dig shafts and tunnels, antennae 3, four strong arms
a: Dig, Shaft Self


You were on level 1 of the Dungeon.
You visited 1 branch of the dungeon, and saw 1 of its levels.

Inventory:

Hand Weapons
 a - a +2 falchion (weapon)
Missiles
 b - 11 poisoned darts (quivered)
Armour
 e - a +0 leather armour (worn)
Potions
 d - a potion of might


   Skills:
 * Level 0.4 Fighting
 * Level 3.1 Long Blades
 + Level 2.0 Throwing
 * Level 0.4 Armour
 * Level 0.1 Dodging
 * Level 1.5 Stealth
 + Level 1.1 Spellcasting
 + Level 2.5 Air Magic


You had 3 spell levels left.
You didn't know any spells.
Your spell library contained the following spells:

 Spells                   Type           Power      Damage    Failure   Level
 Static Discharge         Conj/Air       6%         2-3/arc   36%         2
 Cigotuvi's Dreadful Rot  Necr/Pois/Air  4%         N/A       43%         2


Dungeon Overview and Level Annotations

Branches:
Dungeon (1/15)

Altars:


Innate Abilities, Weirdness & Mutations

You cannot be hasted, slowed, berserked, paralysed or teleported.
You can dig through walls and to a lower floor.
You have a pair of large antennae on your head. (SInv)
Your four strong arms can wield two-handed weapons with a shield.


Message History

You kill the hobgoblin!
Unknown command.
You closely miss the goblin. The goblin hits you with a +0 club.
Unknown command.
A goblin is nearby!
You hit the goblin.
You kill the goblin!
You have reached level 2!
No target in view!
Unknown command.
No target in view!
Unknown command.
No target in view!
Key pressed, stopping explore.
No target in view!
No target in view!
Unknown command.
A hobgoblin comes into view.
Unknown command.
A hobgoblin is nearby!
Unknown command.
A hobgoblin is nearby!
Unknown command.
A hobgoblin is nearby!
Unknown command.
A hobgoblin is nearby!
Unknown command.
A hobgoblin is nearby!
The helpless hobgoblin fails to defend itself.
You hit the hobgoblin but do no damage. The hobgoblin closely misses you.
You slash the hobgoblin!
You kill the hobgoblin!
Unknown command.
Are you sure you want to abandon this character and quit the game? (Confirm with "yes".)
Okay, then.
Unknown command.
As you read the scroll labelled BATOWA BOTAESA, it crumbles to dust.
The scroll dissolves into smoke.
It was a scroll of fog.
Unknown command.
Are you sure you want to abandon this character and quit the game? (Confirm with "yes".)

.. #######..
#§§§.....
########@§§.....
......§§§§§.....
......§§§§§.....
................
.......$.......#
...............#
........######.#
.....#......# .#
.....+......#


There were no monsters in sight!

Vanquished Creatures
  An endoplasm (D:1)
  A goblin (D:1)
  3 hobgoblins (D:1)
  A rat (D:1)
6 creatures vanquished.

Notes
Turn   | Place    | Note
-------+----------+-------------------------------------------
     0 | D:1      | Morbidden the Formicid Wanderer began the quest for the
                  | Orb.
     0 | D:1      | Morbidden set off with the following items: a +2 falchion,
                  | 11 poisoned darts, a +0 dagger, a potion of might, a +0
                  | leather armour; and the following spells available to
                  | memorise: Static Discharge, Cigotuvi's Dreadful Rot.
     0 | D:1      | Reached XP level 1. HP: 13/13 MP: 2/2
   112 | D:1      | Reached XP level 2. HP: 13/20 MP: 3/3
   156 | D:1      | Quit the game

Illustrated notes

Levels and vault maps discovered:
D:1:      dpeg_chamrin_arrival_tetris, layout_basic

Action                     || total
---------------------------++-------
  Melee: Falchion          ||    18
    Use: Scroll            ||     1
   Stab: Sleeping          ||     1
 Armour: Leather armour    ||     3
  Dodge: Dodged            ||     7

Table legend: (Time is in decaauts)
 A = Elapsed time spent in this place.
 B = Non-inter-level travel time spent in this place.
 C = Inter-level travel time spent in this place.
 D = Time resting spent in this place.
 E = Time spent auto-exploring this place.
 F = Levels seen in this place.
 G = Mean time per level.
                   A        B        C        D        E       F      G
               +--------+--------+--------+--------+--------+-----+--------+
         Total |    158 |    158 |      0 |      0 |    107 |   1 |  158.0 |
       Dungeon |    158 |    158 |      0 |      0 |    107 |   1 |  158.0 |
               +--------+--------+--------+--------+--------+-----+--------+

Top non-repeatable levels by time:
     D:1: 158 daAuts
